[Event "Late-Titled-Tuesday-Blitz-April-30-2024"]
[Site "Chess.com"]
[Date "2024.04.30"]
[Round "3"]
[White "TheoSlade"]
[Black "MuhittinBuker"]
[Result "1-0"]
[WhiteElo "2419"]
[BlackElo "2170"]
[TimeControl "180+1"]
[EndTime "14:28:44 PDT"]
[Termination "TheoSlade won on time"]

1. d4 Nf6 2. c4 e6 3. g3 d5 4. Bg2 Be7 5. Nf3 O-O 6. O-O dxc4 7.
Qc2 a6 8. a4 Bd7 9. Qxc4 Bc6 10. Bf4 Nd5 11. Bd2 Nf6 12. Nc3 Nbd7 13. Rfe1 Nb6 14. Qd3 Nbd5 15. e4 Nb4 16. Qb1 b5 17.
Be3 bxa4 18. Ne5 Bb7 19. Nxa4 Nd7 20. Nd3 a5 21. Rc1 Nb6 22. Nac5 Nxd3 23. Qxd3 Bxc5 24. Rxc5 Nd7 25. Rcxa5 Rxa5 26. Rxa5 c5 27. Ra1 Qc7 28. Rc1 Rd8 29. dxc5 Ne5 30. Qc3 Rd3 31. Qc2 Rxe3 32. fxe3 h6 33. b4 Ba6 34. Qa4 Bd3 35. b5 Qd7 36. c6 Qd6 37. c7 Bxb5 38. c8=Q+ Kh7 39.
Qxb5 Qd2 40. Qxe5 1-0

[Event "Late-Titled-Tuesday-Blitz-April-30-2024"]
[Site "Chess.com"]
[Date "2024.04.30"]
[Round "3"]
[White "Janh4"]
[Black "emeli_chess"]
[Result "0-1"]
[WhiteElo "2199"]
[BlackElo "2476"]
[TimeControl "180+1"]
[EndTime "14:28:47 PDT"]
[Termination "emeli_chess won on time"]

1. d4 Nf6 2. Nc3 d5 3. Bf4 c5 4. e3 cxd4 5. exd4 a6 6. Nf3 Bg4 7. h3 Bxf3 8. Qxf3 Nc6 9. O-O-O e6 10. g4 h6 11. Bg2 Bd6 12. Rhe1 Bxf4+ 13. Qxf4 O-O 14.
h4 Nh7 15. Qg3 Re8 16. f4 b5 17.
g5 h5 18. g6 fxg6 19. Nxd5 exd5 20. Rxe8+ Qxe8 21. Bxd5+ Kh8 22. Re1 Qd7 23. Be4 Nf6 24. Qxg6 Nxe4 25. Qxh5+ Kg8 26. Rxe4 Rf8 27. c3 Qf5 28.
Qe2 Qd5 29. b3 a5 30. Kb2 a4 31. h5 axb3 0-1

[Event "Late-Titled-Tuesday-Blitz-April-30-2024"]
[Site "Chess.com"]
[Date "2024.04.30"]
[Round "3"]
[White "Jakhongir-Vakhidov"]
[Black "Msb2"]
[Result "1-0"]
[WhiteElo "2740"]
[BlackElo "3030"]
[TimeControl "180+1"]
[EndTime "14:28:49 PDT"]
[Termination "Jakhongir-Vakhidov won by checkmate"]

1. c4 e6 2. Nc3 d5 3. d4 Bb4 4.
Qa4+ Nc6 5. Bd2 Nf6 6. e3 O-O 7. a3 Bxc3 8. Bxc3 Ne4 9. Nf3 e5 10. Rd1 Nxc3 11. bxc3 e4 12. Nd2 Bg4 13. Rb1 a6 14. Rxb7 Bd7 15. cxd5 Na7 16. Qa5 Nb5 17. Bxb5 axb5 18. Qxc7 Qg5 19. O-O Rfd8 20. Qe5 Qxe5 21.
dxe5 Bf5 22. Rxb5 Rxa3 23. Nb3 Bg4 24. Ra1 Rxa1+ 25. Nxa1 Be2 26. Ra5 Rb8 27. h3 h5 28.
Nc2 h4 29. Nd4 Bc4 30. d6 Be6 31. Nxe6 fxe6 32. Ra4 Rb1+ 33. Kh2 Rb2 34. d7 Rd2 35. Rd4 Rxf2 36. d8=Q+ Rf8 37. Qe7 Kh7 38. Qxf8 Kh6 39. Qf4+ Kg6 40. Qg4+ Kh6 41. Rd7 g5 42. Qxe6+ Kh5 43.
Rh7# 1-0

[Event "Late-Titled-Tuesday-Blitz-April-30-2024"]
[Site "Chess.com"]
[Date "2024.04.30"]
[Round "3"]
[White "MNyuyu"]
[Black "CarrotsandPizza"]
[Result "0-1"]
[WhiteElo "2368"]
[BlackElo "2596"]
[TimeControl "180+1"]
[EndTime "14:28:49 PDT"]
[Termination "CarrotsandPizza won by resignation"]

1. d4 Nf6 2. Nf3 g6 3. c4 Bg7 4. Nc3 d6 5. e4 O-O 6. Be2 Na6 7. O-O e5 8. a3 c6 9. d5 Nc5 10. Bg5 cxd5 11. Nxd5 Ncxe4 12. Nxf6+ Nxf6 13. Qd2 Ne4 14. Bxd8 Nxd2 15. Be7 Nxf1 16. Bxf8 Kxf8 17. Kxf1 e4 18.
Nd2 f5 19. Rb1 Be6 20. b3 Be5 21. g3 Rc8 22. Ke1 b5 23. Kd1 bxc4 24. Nxc4 Ke7 25.
Nxe5 dxe5 26. Kd2 f4 27. b4 Kf6 28. a4 Rd8+ 29. Kc3 Rc8+ 30. Kd2 Kf5 31. b5 Rd8+ 32. Ke1 f3 33. Bf1 e3 34. fxe3 Ke4 35. Kf2 Rd2+ 36. Kg1 Ra2 37. b6 axb6 38. Rxb6 Bd5 39. Rb3 Bxb3 0-1

[Event "Late-Titled-Tuesday-Blitz-April-30-2024"]
[Site "Chess.com"]
[Date "2024.04.30"]
[Round "3"]
[White "IsaqueGoncalvesSanto"]
[Black "english_player_89"]
[Result "0-1"]
[WhiteElo "1862"]
[BlackElo "2530"]
[TimeControl "180+1"]
[EndTime "14:28:53 PDT"]
[Termination "english_player_89 won on time"]

1. d4 d5 2. c4 c6 3. Nc3 Nf6 4. Nf3 e6 5. Bg5 Nbd7 6. e3 Qa5 7. Bxf6 Nxf6 8. Be2 Be7 9. O-O O-O 10. Ne5 Nd7 11. f4 f6 12. Nf3 b6 13. a3 c5 14. cxd5 cxd4 15. b4 Bxb4 16. axb4 Qxb4 17. Qxd4 Qe7 18. dxe6 Nc5 19. Nd5 Qd6 20. e7 Re8 21. Bc4 Be6 22.
e4 Bf7 23. e5 Qc6 24. exf6 Ne6 25. Qd3 Rac8 26. Bb5 Qc5+ 27. Kh1 Qd6 28. fxg7 Nc5 29. Bxe8 Nxd3 30. Bxf7+ Kxf7 31. Ng5+ Kxg7 0-1

[Event "Late-Titled-Tuesday-Blitz-April-30-2024"]
[Site "Chess.com"]
[Date "2024.04.30"]
[Round "3"]
[White "grzechu96"]
[Black "FairChess_on_YouTube"]
[Result "1-0"]
[WhiteElo "2789"]
[BlackElo "3084"]
[TimeControl "180+1"]
[EndTime "14:28:54 PDT"]
[Termination "grzechu96 won by checkmate"]

1. e4 c5 2. Nf3 e6 3. d4 cxd4 4. Nxd4 Nc6 5. Nc3 Qc7 6. Be3 a6 7. a3 Nf6 8. f4 d5 9. e5 Nd7 10. Qd2 Be7 11. Bd3 O-O 12. h4 Nc5 13. h5 Rd8 14. h6 g6 15. Qf2 b6 16. Nce2 a5 17.
O-O Ba6 18. Rad1 Ne4 19. Bxe4 dxe4 20. Rfe1 Bxe2 21. Nxe2 Rxd1 22. Rxd1 Rd8 23. Re1 Qb7 24. Nc3 b5 25. Bc5 f5 26. exf6 Bxf6 27. Nxe4 Bh8 28. Ng5 Rd5 29. Nxe6 Qd7 30. c3 Bf6 31. Qe3 Rd1 32. Kh2 Rxe1 33. Qxe1 Qd5 34. Qe2 Kf7 35. Nc7 Qf5 36. Qe8# 1-0

[Event "Late-Titled-Tuesday-Blitz-April-30-2024"]
[Site "Chess.com"]
[Date "2024.04.30"]
[Round "3"]
[White "LuciaMalanRamos"]
[Black "kalinchick"]
[Result "0-1"]
[WhiteElo "2118"]
[BlackElo "2472"]
[TimeControl "180+1"]
[EndTime "14:28:56 PDT"]
[Termination "kalinchick won by resignation"]

1. d4 e6 2. Nf3 d5 3. c4 Nf6 4.
e3 Be7 5. Nc3 O-O 6. cxd5 exd5 7.
Bd3 Bg4 8. h3 Bh5 9. O-O c6 10.
Be2 Nbd7 11. Bd2 Bd6 12. Rc1 Qe7 13. Ng5 Bg6 14. a3 a5 15. Nf3 Ne4 16. Be1 f5 17. Nd2 f4 18. exf4 Bxf4 19. Ra1 Kh8 20. Ndxe4 dxe4 21. Bg4 Nf6 22. Be2 Rad8 23. Qa4 Bc7 24. Rd1 e3 25.
Bf3 Bh5 26. fxe3 Qxe3+ 27. Kh1 Qf4 28. Kg1 Qh2+ 29. Kf2 Rfe8 30. Bxh5 Nxh5 31. Rd3 Rf8+ 32. Ke2 Qxg2+ 33. Rf2 Rxf2+ 34. Bxf2 Nf4+ 35. Ke3 Nxd3 36. Kxd3 Qxf2 37. Ne2 Qf3+ 38. Kd2 Bf4+ 39. Nxf4 Qxf4+ 40. Kc3 Qe3+ 41. Kc2 Qxd4 42. Qxd4 Rxd4 43. Kc3 Rh4 44. b4 Rxh3+ 45. Kc4 axb4 46. axb4 b6 47. b5 cxb5+ 48.
Kxb5 Rc3 49. Kxb6 h5 50. Kb5 h4 51. Kb6 h3 52. Kb5 h2 53. Kb6 h1=Q 54. Kb5 g5 55. Kb4 Rc8 56. Ka4 Rb8 0-1

[Event "Late-Titled-Tuesday-Blitz-April-30-2024"]
[Site "Chess.com"]
[Date "2024.04.30"]
[Round "3"]
[White "AldokhinIvan"]
[Black "Binary010"]
[Result "0-1"]
[WhiteElo "2659"]
[BlackElo "2915"]
[TimeControl "180+1"]
[EndTime "14:28:57 PDT"]
[Termination "Binary010 won by checkmate"]

1. e4 c5 2. Nf3 d6 3. d4 cxd4 4. Nxd4 Nf6 5. Nc3 a6 6. Bc4 e6 7. Bb3 b5 8. O-O Be7 9. a3 O-O 10. f4 Bb7 11. f5 e5 12. Nde2 Nbd7 13. Ng3 a5 14. Kh1 b4 15. Nd5 Nxd5 16. Bxd5 Bxd5 17. Qxd5 Nf6 18. Qb3 d5 19. Bg5 Nxe4 20. Bxe7 Qxe7 21. f6 Nxf6 22. Nf5 Qe6 23. axb4 axb4 24. Rae1 Ne4 25. Rxe4 dxe4 26. Qg3 g6 27. Qg5 Qxf5 28. Rxf5 Ra1+ 29. Rf1 Rxf1# 0-1

[Event "Late-Titled-Tuesday-Blitz-April-30-2024"]
[Site "Chess.com"]
[Date "2024.04.30"]
[Round "3"]
[White "Djager97"]
[Black "ShahxaibKhan"]
[Result "1-0"]
[WhiteElo "2569"]
[BlackElo "2322"]
[TimeControl "180+1"]
[EndTime "14:28:57 PDT"]
[Termination "Djager97 won on time"]

1. e4 d5 2. exd5 Nf6 3. d4 Nxd5 4. c4 Nb6 5. Nc3 e5 6. d5 Bb4 7. Bd3 O-O 8. Ne2 f5 9. O-O e4 10. Bc2 Bxc3 11. Nxc3 Nxc4 12. f3 exf3 13. Qxf3 Nd6 14. Bf4 Nd7 15. Rae1 Nb6 16. Qh5 Bd7 17. Bxd6 cxd6 18.
Bxf5 Bxf5 19. Rxf5 Qc7 20. h3 Nc4 21. Ref1 Qb6+ 22.
Kh2 Qxb2 23. Ne4 Rxf5 24. Rxf5 g6 25. Qg5 Kh8 26. Rf7 Re8 27. Qf6+ Qxf6 28. Nxf6 1-0

[Event "Late-Titled-Tuesday-Blitz-April-30-2024"]
[Site "Chess.com"]
[Date "2024.04.30"]
[Round "3"]
[White "Oleg_Papayan"]
[Black "JiangoFett"]
[Result "1-0"]
[WhiteElo "2649"]
[BlackElo "2456"]
[TimeControl "180+1"]
[EndTime "14:28:58 PDT"]
[Termination "Oleg_Papayan won by resignation"]

1. e4 c5 2. d4 cxd4 3. Qxd4 Nc6 4. Qd3 g6 5. Nc3 Bg7 6. Nf3 d6 7. Be2 Nf6 8. O-O O-O 9. Nd5 Nxd5 10. exd5 Bf5 11. Qd1 Nb4 12. c3 Nc2 13. g4 Nxa1 14. gxf5 Qa5 15. a4 Rac8 16. Bg5 Rfe8 17. fxg6 hxg6 18.
Qxa1 Qxd5 19. Be3 a6 20. Rd1 Qh5 21. Qa2 Rf8 22. Qd5 Be5 23. Nxe5 Qxe2 24. Nxg6 Qg4+ 25.
Kh1 e6 26. Ne7+ Kg7 27. Qd4+ Qxd4 28. Bxd4+ e5 29. Nxc8 exd4 30. Nxd6 dxc3 31. bxc3 Kf6 32. Nxb7 Rb8 33. Nc5 Rc8 34. Nxa6 Rxc3 35. Nb4 Rc4 36. Nd5+ Ke5 37. a5 Ra4 38. f4+ Ke4 39. Nc3+ 1-0

[Event "Late-Titled-Tuesday-Blitz-April-30-2024"]
[Site "Chess.com"]
[Date "2024.04.30"]
[Round "3"]
[White "burritus"]
[Black "FMalexhdez"]
[Result "0-1"]
[WhiteElo "2411"]
[BlackElo "2255"]
[TimeControl "180+1"]
[EndTime "14:28:58 PDT"]
[Termination "FMalexhdez won on time"]

1. Nf3 c5 2. g3 b6 3. Bg2 Bb7 4. O-O e6 5. c4 Nf6 6. Nc3 Be7 7. Re1 d5 8. cxd5 Nxd5 9. e4 Nxc3 10. bxc3 O-O 11. d4 cxd4 12. cxd4 Nd7 13. Bb2 Nf6 14. Ne5 Rc8 15. Qa4 a6 16. Rad1 b5 17. Qb3 Qb6 18.
d5 Bc5 19. Re2 exd5 20. exd5 a5 21. Nc6 a4 22. Qf3 Nxd5 23. Qg4 g6 24. Bxd5 Bxc6 25.
Qg5 Bxd5 26. Qh6 f6 27. Rxd5 Bxf2+ 28. Rxf2 Rc2 29. Bd4 Qc6 30. Bxf6 Rc1+ 31. Qxc1 Qxc1+ 32. Kg2 Qc6 33. Rd2 Rxf6 0-1

[Event "Late-Titled-Tuesday-Blitz-April-30-2024"]
[Site "Chess.com"]
[Date "2024.04.30"]
[Round "3"]
[White "Rutricks"]
[Black "KuzubovYuriy"]
[Result "0-1"]
[WhiteElo "2684"]
[BlackElo "2966"]
[TimeControl "180+1"]
[EndTime "14:28:59 PDT"]
[Termination "KuzubovYuriy won by resignation"]

1. Nc3 d5 2. d4 Bf5 3. f3 Bg6 4.
e4 dxe4 5. fxe4 e5 6. d5 Bb4 7. Bb5+ c6 8. dxc6 Bxc3+ 9. bxc3 Qxd1+ 10. Kxd1 Nxc6 11. Nf3 O-O-O+ 12. Bd2 Nf6 13. Kc1 Nxe4 14. Be3 f6 15. Kb2 Nd6 16. Be2 Bh5 17. Rhe1 e4 18.
Nd4 Bxe2 19. Nxc6 bxc6 20. Rxe2 Nc4+ 21. Kc1 Nxe3 22. Rxe3 f5 23. Rb1 Rd7 24. Rb4 Rhd8 25. g4 g6 26. Rc4 Kc7 27. Ra4 Rd1+ 28. Kb2 Rb8+ 29. Ka3 Rb7 30. Rh3 Rd7 31. gxf5 gxf5 32. Rh5 Rf7 33. Ra5 f4 34. Raf5 Kd8 35. Rfg5 f3 36.
Rg8+ Kc7 37. Rg1 Rb5 38. Rh4 f2 39. Rf1 Re5 40. Rxf2 Rxf2 41. Rxh7+ Kb6 42. Rh5 Rxh5 0-1

[Event "Late-Titled-Tuesday-Blitz-April-30-2024"]
[Site "Chess.com"]
[Date "2024.04.30"]
[Round "3"]
[White "King_Deded4d5"]
[Black "AlexPapasimakopoulos"]
[Result "1/2-1/2"]
[WhiteElo "2460"]
[BlackElo "2637"]
[TimeControl "180+1"]
[EndTime "14:28:59 PDT"]
[Termination "Game drawn - insufficient material"]

1. d4 Nf6 2. Nc3 d5 3. Bf4 e6 4. Nb5 Na6 5. e3 Bb4+ 6. c3 Be7 7. a4 c6 8. Na3 Nb8 9. Nf3 Bd6 10. h4 Bxf4 11. exf4 O-O 12. h5 h6 13. Ne5 c5 14.
dxc5 Nbd7 15. b4 a5 16. Nb5 Ne8 17. Bd3 Nc7 18. Nd6 Na6 19. Bxa6 Rxa6 20. Qd4 Nf6 21. b5 Ra8 22. c4 b6 23. Ndxf7 bxc5 24. Nxd8 cxd4 25.
Ndc6 dxc4 26. Nxc4 Bb7 27. N4e5 Nd5 28. g3 Nb4 29.
Ke2 Bxc6 30. Nxc6 Nxc6 31. bxc6 Rfc8 32. Rhc1 Ra6 33. Kd3 Raxc6 34. Rxc6 Rxc6 35. Rb1 Rc3+ 36. Kxd4 Ra3 37. Rb8+ Kf7 38. Ke5 Rxa4 39. Rb7+ Kg8 40. Kxe6 Ra2 41. Rb8+ Kh7 42. f3 Ra3 43. f5 Rxf3 44. g4 Rf4 45. Ra8 a4 46. Ra7 Kg8 47. Ra8+ Kh7 48. Ra7 Re4+ 49. Kd5 Rxg4 50. f6 Kg8 51.
fxg7 Rxg7 52. Rxa4 Rg5+ 53. Ke6 Rxh5 54. Kf6 Rg5 55.
Ra8+ Kh7 56. Ra7+ Kh8 57. Ra8+ Rg8 58. Rxg8+ Kxg8 59. Kg6 Kh8 60. Kxh6 1/2-1/2

[Event "Late-Titled-Tuesday-Blitz-April-30-2024"]
[Site "Chess.com"]
[Date "2024.04.30"]
[Round "3"]
[White "NovakRatko"]
[Black "nabukatnezarr"]
[Result "1-0"]
[WhiteElo "2392"]
[BlackElo "2587"]
[TimeControl "180+1"]
[EndTime "14:28:59 PDT"]
[Termination "NovakRatko won on time"]

1. d4 Nf6 2. c4 e6 3. Bg5 h6 4. Bxf6 Qxf6 5. Nf3 Qd8 6. e4 Be7 7. Nc3 c5 8. d5 exd5 9. cxd5 d6 10. h3 O-O 11. Bd3 Bf6 12. O-O Nd7 13. Re1 Ne5 14. Nxe5 Bxe5 15. Qd2 Qf6 16. Rab1 Bd7 17. Ne2 b5 18. f4 Bd4+ 19. Nxd4 Qxd4+ 20. Qe3 Qxe3+ 21. Rxe3 f6 22. b3 Rfe8 23. Rbe1 Rac8 24. e5 fxe5 25. fxe5 dxe5 26. Rxe5 Rxe5 27. Rxe5 c4 28. bxc4 bxc4 29.
Bc2 Rc5 30. Kf2 Ra5 31. Bb1 Bc6 32. Be4 c3 33. Ke3 c2 34. Bxc2 Rxa2 35. Bb3 Ra3 36. dxc6+ Rxb3+ 37. Kd4 Rb8 38. Kd5 Rf8 39. Kd6 Kf7 40.
Re7+ Kf6 41. Rxa7 Rb8 42. c7 Rf8 43. Rb7 1-0

[Event "Late-Titled-Tuesday-Blitz-April-30-2024"]
[Site "Chess.com"]
[Date "2024.04.30"]
[Round "3"]
[White "katharinareinecke"]
[Black "Aalessia"]
[Result "0-1"]
[WhiteElo "2044"]
[BlackElo "2384"]
[TimeControl "180+1"]
[EndTime "14:28:59 PDT"]
[Termination "Aalessia won by resignation"]

1. d4 Nf6 2. Nf3 c5 3. g3 cxd4 4. Nxd4 d5 5. Bg2 e5 6. Nb3 Nc6 7. O-O Be6 8. c3 h6 9. N1d2 Be7 10. e4 dxe4 11. Nxe4 Nxe4 12. Bxe4 Qc7 13. Qe2 O-O 14. Be3 f5 15. Bg2 f4 16. Bc5 Rae8 17. Be4 Na5 18. Bxe7 Bc4 19. Qc2 Rxe7 20. Rfd1 f3 21. Bd5+ Bxd5 22.
Rxd5 Nc6 23. Rad1 Qc8 24. Kf1 Qh3+ 25. Ke1 Qxh2 26. Qe4 Qg1+ 27. Kd2 Qxf2+ 28. Kc1 Qe2 29. R5d2 Qxe4 30. Nc5 Qf5 31. Nd3 e4 32. Nf2 e3 33.
g4 exd2+ 34. Rxd2 Qg5 0-1

[Event "Late-Titled-Tuesday-Blitz-April-30-2024"]
[Site "Chess.com"]
[Date "2024.04.30"]
[Round "3"]
[White "shimastream"]
[Black "GlavkonVVS"]
[Result "1-0"]
[WhiteElo "3027"]
[BlackElo "2710"]
[TimeControl "180+1"]
[EndTime "14:29:00 PDT"]
[Termination "shimastream won by resignation"]

1. d4 Nf6 2. Bg5 c5 3. Bxf6 gxf6 4. d5 Qb6 5. Qc1 Bh6 6. e3 d6 7. c4 Nd7 8. Nc3 Ne5 9. f4 Ng6 10. Nf3 e6 11. Bd3 f5 12. O-O Bd7 13. Qc2 Ne7 14.
Kh1 Rg8 15. a3 a6 16. Rab1 Qc7 17. b4 cxb4 18. axb4 Rc8 19. Qe2 b5 20. dxe6 fxe6 21. Nd4 bxc4 22. Bc2 Bg7 23. b5 axb5 24. Ncxb5 Qc5 25.
Rfd1 Nd5 26. e4 Nxf4 27. Qf3 e5 28. Nxf5 Bf8 29. Nbxd6+ Bxd6 30. Nxd6+ Ke7 31. Nxc8+ Bxc8 32. Rd2 c3 33. Rf2 Bg4 34. Qg3 Be6 35. Qh4+ Kf7 36. Qxh7+ Rg7 37. Qh5+ Ke7 38. Rxf4 Qe3 39. Qh4+ 1-0

[Event "Late-Titled-Tuesday-Blitz-April-30-2024"]
[Site "Chess.com"]
[Date "2024.04.30"]
[Round "3"]
[White "Moltini"]
[Black "lamomiajunior"]
[Result "0-1"]
[WhiteElo "2498"]
[BlackElo "2744"]
[TimeControl "180+1"]
[EndTime "14:29:01 PDT"]
[Termination "lamomiajunior won by checkmate"]

1. d4 Nf6 2. c4 g6 3. Nc3 Bg7 4. e4 d6 5. Be2 O-O 6. Nf3 e5 7. O-O Nc6 8. d5 Ne7 9. b4 Nh5 10. Re1 a5 11. Ba3 axb4 12. Bxb4 Nf4 13. Bf1 b6 14. a4 Bg4 15. a5 bxa5 16. Rxa5 Rb8 17.
Nb5 f5 18. Ra7 fxe4 19. Rxe4 Bxf3 20. Qxf3 Nfxd5 21. Qb3 Nxb4 22. Qxb4 Nc6 23. Qa3 Nxa7 24. Nxa7 Ra8 25. c5 d5 26. Ra4 Qf6 27. Qa2 c6 28. f3 h5 29. Ra6 Qf4 30. Nxc6 Qe3+ 31. Kh1 Rxa6 32. Qxa6 Qxc5 33. Qb7 Kh7 34. h3 Qc1 35. Kg1 e4 36. Ne5 exf3 37. Nxf3 d4 38. Qd5 Rf5 39. Qe4 Qe3+ 40. Qxe3 dxe3 41. Be2 Rc5 42. g4 Rc1+ 43. Kg2 hxg4 44. hxg4 Bf6 45. Kg3 Kg7 46. Kf4 Rc3 47. Ke4 Ra3 48. Bd3 Ra4+ 49. Kxe3 Rxg4 50. Be2 Rb4 51.
Kf2 g5 52. Nh2 Be5 53. Ng4 Bf4 54. Kf3 Kg6 55. Nf2 Kh5 56. Ng4 Rb3+ 57. Kf2 Kh4 58.
Nf6 Bg3+ 59. Kg2 Rb2 60. Kf1 Bf4 61. Ke1 Be3 62. Kf1 Bd4 63. Ne4 g4 64. Nd6 Rb1+ 65. Kg2 Rg1+ 66. Kh2 g3# 0-1

[Event "Late-Titled-Tuesday-Blitz-April-30-2024"]
[Site "Chess.com"]
[Date "2024.04.30"]
[Round "3"]
[White "JonasEilenberg"]
[Black "margarita_2703"]
[Result "1-0"]
[WhiteElo "2556"]
[BlackElo "2315"]
[TimeControl "180+1"]
[EndTime "14:29:01 PDT"]
[Termination "JonasEilenberg won by checkmate"]

1. d4 d5 2. Nf3 Nf6 3. c3 Bf5 4. Qb3 Qc8 5. c4 e6 6. Nc3 c6 7. Bf4 Nbd7 8. e3 h6 9. Rc1 Nb6 10. cxd5 exd5 11. h3 Qd7 12. Be2 Bd6 13. Ne5 Qe7 14.
O-O Nfd7 15. Nxd7 Qxd7 16. Bxd6 Qxd6 17. a4 Rb8 18. a5 Nd7 19. Na4 O-O 20. Bd3 Bxd3 21.
Qxd3 Qb4 22. Nc5 Nxc5 23. Rxc5 Qxb2 24. Rb1 Qa2 25. g4 Qa4 26. Qc3 Qa2 27. Qd3 Rfc8 28. Rbc1 Qa4 29. Qc3 Qa2 30. Rc2 Qb1+ 31. Kg2 Qd1 32. Rd2 Qa4 33. Rc2 h5 34. gxh5 Kh7 35. Qd3+ Kh6 36. Qf5 Rf8 37. a6 Qxa6 38. R5c3 g6 39.
Qf4+ Kxh5 40. e4 g5 41. Qf5 Kh6 42. h4 f6 43. hxg5+ Kg7 44. Rh3 fxg5 45. Rh7+ Kg8 46.
Qg6# 1-0

[Event "Late-Titled-Tuesday-Blitz-April-30-2024"]
[Site "Chess.com"]
[Date "2024.04.30"]
[Round "3"]
[White "colegiodemadrid"]
[Black "georgpapi"]
[Result "0-1"]
[WhiteElo "2578"]
[BlackElo "2381"]
[TimeControl "180+1"]
[EndTime "14:29:02 PDT"]
[Termination "georgpapi won by resignation"]

1. d4 Nf6 2. c4 g6 3. Nc3 Bg7 4. e4 O-O 5. f3 c6 6. Be3 d5 7. e5 Nfd7 8. cxd5 cxd5 9. f4 Nc6 10. Nf3 Nb6 11. h4 Bg4 12. b3 Rc8 13. Rc1 f6 14. Be2 fxe5 15. fxe5 e6 16. Ng5 Bxe2 17.
Nxe2 Qe7 18. Nf4 Bh6 19. Ngxe6 Bxf4 20. Nxf4 Nxe5 21. Rxc8 Rxc8 22. O-O Nc6 23. Qf3 Rf8 24. Qg3 Qd7 25. h5 Rf6 26. hxg6 hxg6 27. Nxg6 Rxf1+ 28.
Kxf1 Qf5+ 29. Nf4+ Kf7 30. Kg1 Qb1+ 31. Kh2 Qh7+ 32.
Nh3 Nd7 33. Qf3+ Ke8 34. Qxd5 Nf6 35. Qe6+ Qe7 36. Qxe7+ Nxe7 37. Nf4 Ng4+ 38. Kg3 Nxe3 39. Kf3 N3d5 40. Ke4 Nxf4 41. Kxf4 Kd7 42. g4 Ke6 43. Ke4 Ng6 44. g5 Nh4 45. d5+ Kd6 46. a4 a5 47.
Kd4 Nf3+ 48. Kc4 Nxg5 49. Kb5 Kxd5 50. Kxa5 Kc5 51. b4+ Kc6 52. b5+ Kc5 53. b6 Kc6 54.
Kb4 Kxb6 55. a5+ Ka6 56. Kc5 Kxa5 57. Kd6 b5 58. Kd5 Ka4 59. Ke5 b4 60. Kd4 Ka3 61.
Kd3 b3 62. Kd2 Ka2 63. Kc1 b2+ 0-1

[Event "Late-Titled-Tuesday-Blitz-April-30-2024"]
[Site "Chess.com"]
[Date "2024.04.30"]
[Round "3"]
[White "lupta_robin"]
[Black "tptagain"]
[Result "0-1"]
[WhiteElo "2593"]
[BlackElo "2963"]
[TimeControl "180+1"]
[EndTime "14:29:03 PDT"]
[Termination "tptagain won by resignation"]

1. b3 c5 2. Bb2 Nc6 3. e4 Nf6 4. Nc3 d6 5. Bb5 g6 6. f4 Bd7 7. Nf3 Bg7 8. Qe2 Nd4 9. Bxd7+ Qxd7 10. Qd3 Nc6 11. O-O-O O-O 12. h3 Nh5 13. Qe3 e5 14. f5 Nd4 15. g4 Nf4 16. h4 a5 17. h5 gxf5 18. gxf5 Kh8 19. h6 Bf6 20. Rdg1 Rg8 21.
Kb1 b5 22. Nd1 a4 23. Nf2 axb3 24. axb3 Qa7 25. Nxd4 cxd4 26. Qf3 Qa2+ 27. Kc1 Rac8 28. Rxg8+ Rxg8 29. Ng4 Bg5 30. Rg1 d3 31. Ne3 Ne2+ 32.
Kd1 Qb1+ 0-1

[Event "Late-Titled-Tuesday-Blitz-April-30-2024"]
[Site "Chess.com"]
[Date "2024.04.30"]
[Round "3"]
[White "Supelyel"]
[Black "martinmena"]
[Result "1-0"]
[WhiteElo "2392"]
[BlackElo "2116"]
[TimeControl "180+1"]
[EndTime "14:29:03 PDT"]
[Termination "Supelyel won by resignation"]

1. c4 e6 2. Nc3 Nf6 3. Nf3 d5 4. cxd5 exd5 5. d4 Be7 6. Bg5 Nbd7 7. Qc2 c6 8. e3 O-O 9. Bd3 Re8 10. O-O-O b5 11. Kb1 a5 12. Ne2 Qb6 13. Rc1 Bb7 14. Bxf6 Nxf6 15. Ne5 Rec8 16. g4 c5 17. Bf5 Rc7 18.
g5 Ne4 19. Nd7 Qd6 20. Nxc5 g6 21. Bxe4 dxe4 22. Nxb7 Rxc2 23. Nxd6 Rxe2 24. Nxe4 b4 25. Rc2 Rxc2 26. Kxc2 Rc8+ 27. Kd2 a4 28. Rc1 Rxc1 29. Kxc1 b3 30. axb3 axb3 31. Kd2 Bb4+ 32. Kd3 Kf8 33. f4 Ke7 34. Nd2 h5 35. Nxb3 Be1 36. h3 Bf2 37. Nc5 Kd6 38. Ne4+ Ke6 39. Nxf2 Kf5 40. b4 f6 41. h4 fxg5 42. fxg5 Ke6 43.
e4 Kd6 1-0

[Event "Late-Titled-Tuesday-Blitz-April-30-2024"]
[Site "Chess.com"]
[Date "2024.04.30"]
[Round "3"]
[White "Shankland"]
[Black "Meri-Arabidze"]
[Result "1-0"]
[WhiteElo "2954"]
[BlackElo "2681"]
[TimeControl "180+1"]
[EndTime "14:29:05 PDT"]
[Termination "Shankland won on time"]

1. d4 Nf6 2. c4 e6 3. Nf3 Bb4+ 4. Bd2 Qe7 5. e3 O-O 6. Bd3 a5 7. Nc3 d5 8. O-O b6 9. cxd5 exd5 10. Qc2 Ba6 11. Rfc1 Bxd3 12. Qxd3 Bxc3 13. bxc3 c5 14. Qb5 Nbd7 15. c4 cxd4 16. Nxd4 Ne4 17. Be1 dxc4 18. Qxc4 Ne5 19. Qd5 Nd3 20. Nc6 Qa3 21. Rc4 Nxe1 22.
Qxe4 Rfe8 23. Qd4 b5 24. Rc3 Qb2 25. Rxe1 Qxa2 26. Rc5 b4 27. Ra1 Qe2 28. Rcxa5 Rxa5 29. Nxa5 Qb5 30. Nb3 h6 31. h4 Rc8 32. Qe4 Rd8 33. Ra8 Rxa8 34. Qxa8+ Kh7 35. Qe4+ Kg8 36. g3 g6 37. Qd4 h5 38. e4 Kh7 39. Qd5 Qe2 40.
Qxf7+ Kh6 41. Qf8+ Kh7 42. Qxb4 1-0

[Event "Late-Titled-Tuesday-Blitz-April-30-2024"]
[Site "Chess.com"]
[Date "2024.04.30"]
[Round "3"]
[White "ChristopherYoo"]
[Black "DenisQ"]
[Result "1-0"]
[WhiteElo "3032"]
[BlackElo "2719"]
[TimeControl "180+1"]
[EndTime "14:29:07 PDT"]
[Termination "ChristopherYoo won by resignation"]

1. d4 d5 2. Nf3 Nf6 3. Bf4 c6 4. e3 Qb6 5. Qc1 Bf5 6. Be2 e6 7. O-O Be7 8. c4 O-O 9. Nc3 Ne4 10. c5 Qd8 11. b4 Nd7 12. b5 Qa5 13. Nxe4 dxe4 14.
Nd2 cxb5 15. Nb3 Qa4 16. d5 e5 17. d6 Bf6 18. Bg3 Rac8 19. Qc3 Be6 20. Rfc1 a6 21. Bd1 Qa3 22. Qc2 Bxb3 23. axb3 Qxc5 24. Qd2 Qb6 25. Bg4 Rxc1+ 26. Rxc1 Nc5 27. Qd5 Nd3 28. Rc7 Qa5 29. h3 Qe1+ 30. Kh2 Nxf2 31. Qxf7+ Rxf7 32. Rc8+ 1-0

[Event "Late-Titled-Tuesday-Blitz-April-30-2024"]
[Site "Chess.com"]
[Date "2024.04.30"]
[Round "3"]
[White "tgpgoat"]
[Black "Iskusnyh"]
[Result "1-0"]
[WhiteElo "2450"]
[BlackElo "2613"]
[TimeControl "180+1"]
[EndTime "14:29:07 PDT"]
[Termination "tgpgoat won on time"]

1. Nf3 d5 2. c4 c6 3. g3 Nf6 4. Bg2 Bf5 5. cxd5 cxd5 6. O-O Nc6 7. d4 e6 8. Nc3 Be7 9. Bf4 O-O 10. Rc1 h6 11. h4 Ne4 12. Nxe4 Bxe4 13. Qd2 Rc8 14. Ne5 Bxg2 15. Nxc6 Rxc6 16. Kxg2 Qb6 17. Rxc6 bxc6 18. Rc1 c5 19. dxc5 Bxc5 20. e3 Be7 21. Bc7 Qb7 22.
Be5 d4+ 23. Kh2 dxe3 24. Qxe3 Qa6 25. Rc7 Bb4 26. Rxa7 Qf1 27. Bd4 Rd8 28. Qf4 Rf8 29. Qe5 f6 30. Qxe6+ Kh8 31. Qg4 Rg8 32. Qg6 Bf8 33.
a4 Bd6 34. Rd7 Bb8 35. Rxg7 Rxg7 36. Qxf6 Bxg3+ 37. fxg3 Qe2+ 38. Kh3 Qg4+ 39. Kg2 Qe2+ 40. Qf2 Qe4+ 41. Kh2 1-0

[Event "Late-Titled-Tuesday-Blitz-April-30-2024"]
[Site "Chess.com"]
[Date "2024.04.30"]
[Round "3"]
[White "BeanScreen"]
[Black "zacachess"]
[Result "1-0"]
[WhiteElo "2676"]
[BlackElo "2328"]
[TimeControl "180+1"]
[EndTime "14:29:07 PDT"]
[Termination "BeanScreen won by resignation"]

1. e4 c5 2. Nf3 d6 3. d4 cxd4 4.
Nxd4 Nf6 5. Nc3 Nc6 6. Bg5 e6 7. Bb5 Bd7 8. Qd3 a6 9. Bxc6 Bxc6 10. O-O-O Rc8 11. f4 Be7 12. f5 e5 13. Nb3 O-O 14.
Bxf6 Bxf6 15. Qxd6 Qb6 16. Nd5 Qd8 17. Nxf6+ Qxf6 18. Qxf6 gxf6 19. Nc5 Kg7 20. Rd6 b6 21. Nd7 Rfd8 22.
Nxb6 Rxd6 23. Nxc8 Rd8 24. Nb6 Bxe4 25. Rf1 h5 26. Nc4 Kh6 27. h4 Rg8 28. Ne3 Rd8 29.
Rd1 Rd4 30. c3 Rxd1+ 31. Kxd1 Kg7 32. Kd2 Kf8 33. c4 a5 34. Kc3 Ke7 35. b3 Kd6 36. a3 Bb7 37. b4 axb4+ 38. axb4 e4 39. Kd4 1-0